Description

This is quick track and build for TvZ

Build Order

Why is there no SALT encoding or Overwolf build?

    4:17  Command Center  
    4:40  Stimpack  Factory make new techlab
    4:45  Starport Reactor  For 3rd rax
    6:00  Action  Move 3rd cc to 3rd base
  79  6:20  Action  79 Supply
    6:30  Barracks x2  
  107  7:00  Action  107 Supply
  117  7:15  Action  Push with 117 supply 3 tanks 3 vacs
    7:40  Factory  
    8:45  Command Center  
    9:20  Barracks x3  
  160  9:30  Action  160 Supply
    10:40  Command Center  
Spawning Tool Build Advisor. Get it on Overwolf

Go to:

Details

  • Created by: StriKE_SC2
  • Published on: Feb 20, 2019
  • Modified on: Feb 20, 2019
  • Patch: 4.7.1
Show

Export as new Build Order

Comments (0)

There are no comments. Be the first!

Create an account to comment!